 Dungeon Crawl Stone Soup version 0.23.1-37-gaa34b87 (webtiles) character file.

Game seed: 18023967738171478933

3716 emlat the Fighter (level 9, -4/81 HPs)
             Began as a Minotaur Monk on Mar 22, 2019.
             Was a Believer of Qazlal.
             Slain by an orc warrior
             ... wielding a +2 vampiric battleaxe
              (11 damage)
             ... on level 8 of the Dungeon.
             The game lasted 00:15:17 (8438 turns).

emlat the Fighter (Minotaur Monk)                   Turns: 8438, Time: 00:15:17

Health: -4/81      AC:  7    Str: 18    XL:     9   Next: 91%
Magic:  8/8        EV: 16    Int:  7    God:    Qazlal [**....]
Gold:   450        SH:  2    Dex: 14    Spells: 8/8 levels left

rFire    . . .     SeeInvis .   k - +3 dagger (holy)
rCold    . . .     Gourm    .   (no shield)
rNeg     . . .     Faith    .   i - +1 leather armour
rPois    +         Spirit   .   (helmet restricted)
rElec    .         Reflect  .   o - +0 cloak
rCorr    .         Harm     .   h - +0 pair of gloves
MR       .....                  (no boots)
Stlth    +++.......             (no amulet)
HPRegen  0.23/turn              z - ring of poison resistance
MPRegen  0.11/turn              q - ring of wizardry

@: no status effects
A: retaliatory headbutt, horns 2
a: Upheaval, Renounce Religion


You were on level 8 of the Dungeon.
You worshipped Qazlal.
Qazlal was pleased with you.
You were not hungry.

You visited 2 branches of the dungeon, and saw 9 of its levels.
You also visited: Ossuary.

You collected 450 gold pieces.

Inventory:

Hand Weapons
 a - a +0 falchion
 j - the +9 dire flail of Poig {venom, MR- SInv Stlth+}
   (You took it off an ogre on level 4 of the Dungeon)

   It poisons the flesh of those it strikes.
   It affects your resistance to hostile enchantments.
   It lets you see invisible.
   It makes you more stealthy.
 k - a +3 dagger of holy wrath (weapon)
 y - a +3 falchion
Armour
 h - a +0 pair of gloves (worn)
 i - a +1 leather armour (worn)
 o - a +0 cloak (worn)
 x - a +2 leather armour of cold resistance
Magical Staves
 t - an uncursed staff of conjuration {unknown}
Jewellery
 q - a ring of wizardry (right hand)
 z - a ring of poison resistance (left hand)
Wands
 m - a wand of iceblast (5)
 w - a wand of flame (10)
Scrolls
 g - 2 scrolls of identify
 l - 2 scrolls of teleportation
 s - a scroll of noise
 v - a scroll of magic mapping
 A - a scroll of vulnerability {unknown}
Potions
 b - 4 potions of lignification
 d - 2 potions of curing
 e - 2 potions of heal wounds
 f - a potion of flight
 n - a potion of brilliance {unknown}
 p - a potion of ambrosia {unknown}
 r - a potion of haste {unknown}
 u - a potion of might
Comestibles
 c - 7 rations


   Skills:
 + Level 8.1 Fighting
 + Level 8.0(9.0) Short Blades
 + Level 6.8(8.9) Long Blades
 + Level 5.0 Armour
 + Level 7.0 Dodging
 + Level 5.7 Stealth


You had 8 spell levels left.
You didn't know any spells.
Your spell library was empty.

Dungeon Overview and Level Annotations

Branches:
Dungeon (8/15)             Temple (1/1) D:7
   Lair: D:8-11

Altars:
Ashenzari
Cheibriados
Elyvilon
Fedhas
Gozag
Hepliaklqana
Makhleb
Okawaru
Qazlal
Ru
Sif Muna
Trog
Uskayaw
Xom
Yredelemnul
Zin
The Shining One

Shops:
D:4 [


Innate Abilities, Weirdness & Mutations

You reflexively headbutt those who attack you in melee.
You have a pair of horns on your head.


Message History

The orc warrior is moderately wounded.
You hit the orc warrior but do no damage.
The orc warrior is moderately wounded.
You block the orc warrior's attack.
You hit the orc warrior. You headbutt the orc warrior.
The orc warrior is heavily wounded.
You hear some strange, mumbled words.
You hit the orc warrior but do no damage.
The orc warrior is heavily wounded.
The orc warrior hits you with a +2 vampiric battleaxe!!
* * * LOW HITPOINT WARNING * * *
The orc warrior draws strength from your wounds!
You hit the orc warrior but do no damage.
The orc warrior is moderately wounded.
You hit the orc warrior but do no damage.
The orc warrior is moderately wounded.
You hit the orc warrior. Your headbutt misses the orc warrior.
The orc warrior is heavily wounded.
The orc warrior hits you with a +2 vampiric battleaxe!
You die...

#####
#{o@#
####'###
#.....<#
#...o..#
#......#
#......#
#......#
#.(.≈..#
#..≈≈≈..


You could see an orc warrior.

Vanquished Creatures
  The ghost of jesseerdmann the Slasher, an amateur DrBe of Trog (D:4)
  A hungry ghost (D:6)
  Menkaure (D:6)
  A water moccasin (D:7)
  3 ice beasts (D:7)
  2 orc warriors
  A sky beast (D:7)
  5 ogres
  A centaur (D:6)
  A bullfrog (D:6)
  4 scorpions
  4 howler monkeys
  3 wights (D:6)
  5 crimson imps
  4 centaur zombies (Ossuary)
  3 jellies (D:5)
  A human zombie (Ossuary)
  4 orc priests (D:7)
  5 hounds
  7 orc wizards
  2 bullfrog skeletons
  2 iguanas
  Natasha (thrice) (D:2)
  4 worker ants
  2 big kobold zombies (Ossuary)
  A hound zombie (Ossuary)
  A hound skeleton (D:3)
  A howler monkey zombie (D:6)
  3 mummies (Ossuary)
  A worker ant zombie (D:6)
  3 gnolls (D:7)
  12 adders
  2 shadow imps (D:5)
  2 oozes
  2 adder zombies (Ossuary)
  2 worms
  A dart slug (D:6)
  6 leopard geckos
  28 orcs
  10 giant cockroaches
  10 hobgoblins
  9 jackals
  2 quokkas
  7 ball pythons
  12 bats
  8 frilled lizards
  6 goblins
  4 goblin zombies (Ossuary)
  5 hobgoblin zombies (Ossuary)
  6 jackal zombies
  9 kobolds
  2 kobold zombies (Ossuary)
  4 leopard gecko skeletons
  An orc zombie (Ossuary)
  A quokka skeleton (D:4)
  4 quokka zombies
  5 rats
  4 rat zombies (Ossuary)
244 creatures vanquished.

Notes
Turn   | Place    | Note
-------+----------+-------------------------------------------
     0 | D:1      | emlat the Minotaur Monk began the quest for the Orb.
     0 | D:1      | Reached XP level 1. HP: 19/19 MP: 0/0
    84 | D:1      | Reached XP level 2. HP: 27/27 MP: 1/1
   257 | D:1      | Reached XP level 3. HP: 26/33 MP: 2/2
   777 | D:2      | Reached skill level 5 in Long Blades
   783 | D:2      | Reached XP level 4. HP: 37/40 MP: 3/3
   845 | D:2      | Found a faded altar of an unknown god.
   954 | D:2      | Noticed Natasha
   966 | D:2      | Killed Natasha
  1102 | D:2      | Noticed Natasha
  1173 | D:2      | Killed Natasha
  1173 | D:2      | Reached XP level 5. HP: 27/47 MP: 4/4
  1333 | D:2      | Found a white marble altar of Elyvilon.
  1457 | D:2      | Noticed Natasha
  1464 | D:2      | Killed Natasha
  1464 | D:2      | Reached skill level 1 in Armour
  2686 | D:4      | Reached XP level 6. HP: 34/55 MP: 5/5
  2882 | D:4      | Reached skill level 5 in Fighting
  3432 | D:4      | Identified the +9 dire flail of Poig {venom, MR- SInv
                  | Stlth+}
  3434 | D:4      | Noticed jesseerdmann's ghost (amateur DrBe)
  3436 | D:4      | Found a transporter.
  3519 | D:4      | Found Ciuzobay's Armour Boutique.
  4020 | D:4      | Found a sacrificial altar of Ru.
  4153 | D:4      | Found a transporter.
  4172 | D:4      | Reached skill level 1 in Short Blades
  4174 | D:4      | Killed jesseerdmann's ghost
  4174 | D:4      | Reached XP level 7. HP: 61/61 MP: 6/6
  4176 | D:4      | Reached skill level 5 in Dodging
  4272 | D:5      | Entered Level 5 of the Dungeon
  4421 | D:5      | Found a sand-covered staircase.
  4472 | Ossuary  | Entered an ossuary
  4525 | Ossuary  | Reached XP level 8. HP: 56/70 MP: 7/7
  5235 | D:5      | Found a hide-covered altar of Uskayaw.
  5328 | D:5      | Found a blossoming altar of Fedhas.
  5825 | D:6      | Reached skill level 5 in Short Blades
  5836 | D:6      | Reached skill level 5 in Stealth
  5842 | D:6      | Noticed Menkaure
  5858 | D:6      | Killed Menkaure
  6287 | D:6      | Found a snail-covered altar of Cheibriados.
  6336 | D:6      | Reached XP level 9. HP: 78/78 MP: 8/8
  6804 | D:6      | Found a glowing golden altar of the Shining One.
  6806 | D:6      | Found a glowing silver altar of Zin.
  6806 | D:6      | Found an opulent altar of Gozag.
  6810 | D:6      | Found an iron altar of Okawaru.
  6810 | D:6      | Found a shimmering altar of Xom.
  6810 | D:6      | Found a shimmering altar of Xom.
  7019 | D:6      | Found a glowing silver altar of Zin.
  7584 | D:7      | Found a staircase to the Ecumenical Temple.
  7589 | Temple   | Entered the Ecumenical Temple
  7626 | Temple   | Became a worshipper of Qazlal Stormbringer
  7626 | Temple   | Reached * piety under Qazlal
  7626 | Temple   | Reached ** piety under Qazlal
  7972 | D:7      | Reached skill level 5 in Armour
  8438 | D:8      | Slain by an orc warrior

Skill      XL: |  1  2  3  4  5  6  7  8  9 |
---------------+----------------------------+-----
Long Blades    | 4 5 6 |  6.8
Fighting       | 4 5 6 8 |  8.1
Dodging        | 4 5 6 7 |  7.0
Stealth        | 2 3 5 |  5.7
Armour         | 1 2 3 4 5 |  5.0
Short Blades   | 1 3 5 8 |  8.0

Action                   |  1- 3 |  4- 6 |  7- 9 || total
-------------------------+-------+-------+-------++-------
Melee: Falchion          |    68 |    64 |    14 ||   146
       Headbutt          |    15 |    36 |   119 ||   170
       Dagger            |       |    94 |   512 ||   606
  Use: Scroll            |       |     8 |     8 ||    16
       Potion            |       |     1 |     4 ||     5
 Stab: Sleeping          |     2 |     5 |    10 ||    17
  Eat: Chunk             |       |     5 |     1 ||     6
       Ration            |       |     1 |     5 ||     6
Armor: Robe              |    11 |       |       ||    11
       Leather armour    |     7 |    34 |    62 ||   103
Dodge: Dodged            |    57 |   100 |   261 ||   418
Block: Other             |       |       |     8 ||     8
       Rpst.: Falchion   |    15 |     9 |     4 ||    28
